 Dungeon Crawl Stone Soup version 0.23.1 (webtiles) character file.

Game seed: 0

806 Borgoz the Shield-Bearer (level 7, -7/44 HPs)
             Began as a Gargoyle Fighter on Mar 9, 2019.
             Was an Initiate of Ashenzari.
             Mangled by a gnoll
             ... wielding a +0 halberd
              (9 damage)
             ... on level 5 of the Dungeon.
             The game lasted 00:06:43 (2894 turns).

Borgoz the Shield-Bearer (Gargoyle Fighter)         Turns: 2894, Time: 00:06:43

Health: -7/44      AC: 14    Str: 19    XL:     7   Next: 91%
Magic:  7/7        EV:  9    Int:  9    God:    Ashenzari [......]
Gold:   163        SH: 10    Dex: 11    Spells: 5/6 levels left

rFire    . . .     SeeInvis .   a - +0 flail
rCold    . . .     Gourm    .   c - +0 shield
rNeg     + . .     Faith    .   v - +1 ring mail of Sexeif {MR+ Slay+3}
rPois    ∞         Spirit   .   s - +0 helmet (curse)
rElec    +         Reflect  .   e - +0 cloak
rCorr    .         Harm     .   (no gloves)
MR       +....                  (no boots)
Stlth    +.........             (no amulet)
HPRegen  0.14/turn              j - ring of flight
MPRegen  0.10/turn              (no ring)

@: no status effects
A: negative energy resistance 1, electricity resistance, unbreathing,
petrification resistance, rot immunity, AC +4
a: Curse Item, Renounce Religion, Evoke Flight


You were on level 5 of the Dungeon.
You worshipped Ashenzari.
Ashenzari was noncommittal.
You were not hungry.

You visited 1 branch of the dungeon, and saw 5 of its levels.

You collected 163 gold pieces.

Inventory:

Hand Weapons
 a - a +0 flail (weapon)
Missiles
 t - 4 javelins (quivered)
Armour
 c - a +0 shield (worn)
 e - a +0 cloak (worn)
 s - a cursed +0 helmet (worn)
 v - the +1 ring mail of Sexeif (worn) {MR+ Slay+3}
   (You found it on level 4 of the Dungeon)

   It affects your accuracy and damage with ranged weapons and melee attacks
   (+3).
   It affects your resistance to hostile enchantments.
Jewellery
 j - a ring of flight (left hand)
Scrolls
 d - a scroll of enchant armour {unknown}
 g - 3 scrolls of immolation {unknown}
 i - 2 scrolls of identify {unknown}
 k - 2 scrolls of enchant weapon {unknown}
 m - a scroll of fog {unknown}
 n - 3 scrolls of remove curse
 q - a scroll of teleportation {unknown}
Potions
 h - a potion of curing {unknown}
 l - a potion of invisibility {unknown}
 o - a potion of berserk rage {unknown}
 p - 4 potions of ambrosia {unknown}
 r - a potion of heal wounds {unknown}
Comestibles
 f - 13 rations


   Skills:
 + Level 4.5 Fighting
 + Level 5.6 Maces & Flails
 + Level 4.9 Armour
 + Level 1.8 Dodging
 + Level 0.6 Stealth
 + Level 5.7 Shields


You had 5 spell levels left.
You knew the following spells:

 Your Spells              Type           Power        Failure   Level  Hunger
a - Confusing Touch       Hex            #.....       92%         1    ##.....

Your spell library contained the following spells:

 Spells                   Type           Power        Failure   Level  Hunger
 Animate Skeleton         Necr           N/A          92%         1    ##.....
 Apportation              Tloc           #.....       92%         1    ##.....
 Summon Small Mammal      Summ           #...         92%         1    ##.....


Dungeon Overview and Level Annotations

Branches:
Dungeon (5/15)
 Temple: D:4-7

Altars:
Ashenzari
Cheibriados
Dithmenos
Fedhas
Hepliaklqana
Wu Jian
Xom
The Shining One

Shops:
D:4 (


Innate Abilities, Weirdness & Mutations

You are resistant to torment.
Your stone body is resilient. (AC +4)
You are immune to poison.
You resist negative energy. (rN+)
You are resistant to electric shocks. (rElec)
You can survive without breathing.
You are immune to petrification.
You are immune to rotting.


Message History

You are too injured to fight recklessly!
You are too injured to fight recklessly!
You are too injured to fight recklessly!
You closely miss the gnoll.
The gnoll is almost dead.
The gnoll hits you but does no damage. x2
You hit the gnoll.
You kill the gnoll!
The gnoll barely misses you. You block the gnoll's attack.
Things that are here:
a +0 club; a +0 spear Your shield prevents you from hitting the gnoll.
You block the gnoll's attack.
You closely miss the gnoll. The gnoll hits you with a +0 halberd!
* * * LOW HITPOINT WARNING * * *
You hit the gnoll.
The gnoll is moderately wounded.
The gnoll hits you with a +0 halberd!
You die...

.###..##..# ..#....)..#
..... ..#.......+ .... #
####..###.######... . .
####..###.##......#'##..
........#.#.#.#.#.#..⌠
..............[...'.
###..####.##+##)#g# #
##+#....#...#.@#
#..#.+...'.#....+
+....#..(#......#
##..#.##)##.######
#...............
#...#.#.#.#.#...
#....#####..... #....
#'##.. #.... ..#...


You could see a gnoll.

Vanquished Creatures
  Duvessa (D:5)
  An ice beast (D:2)
  2 phantoms (D:4)
  2 ogres
  A hound (D:2)
  An iguana (D:4)
  2 worker ants (D:4)
  6 gnolls
  2 adders
  An ooze (D:2)
  3 dart slugs
  2 worms
  4 leopard geckos
  7 orcs
  4 bats
  4 giant cockroaches
  5 goblins
  7 hobgoblins
  11 jackals
  3 quokkas
  2 frilled lizards
  A jackal skeleton (D:4)
  4 kobolds
  A quokka skeleton (D:2)
  5 rats
82 creatures vanquished.

Notes
Turn   | Place    | Note
-------+----------+-------------------------------------------
     0 | D:1      | Borgoz the Gargoyle Fighter began the quest for the Orb.
     0 | D:1      | Reached XP level 1. HP: 14/14 MP: 1/1
   104 | D:1      | Reached XP level 2. HP: 14/19 MP: 2/2
   400 | D:1      | Reached XP level 3. HP: 24/24 MP: 3/3
   703 | D:2      | Found an ornate altar of the Wu Jian Council.
   733 | D:2      | Reached XP level 4. HP: 22/29 MP: 4/4
   758 | D:2      | Noticed an ice beast
   763 | D:2      | Killed an ice beast
   763 | D:2      | Reached skill level 1 in Dodging
   763 | D:2      | Reached XP level 5. HP: 16/33 MP: 5/5
  1146 | D:3      | Found a shimmering altar of Xom.
  1146 | D:3      | Found a shimmering altar of Xom.
  1146 | D:3      | Found a shimmering altar of Xom.
  1158 | D:3      | Reached XP level 6. HP: 38/38 MP: 6/6
  1164 | D:3      | Found a snail-covered altar of Cheibriados.
  1301 | D:3      | Found a glowing golden altar of the Shining One.
  1484 | D:3      | Found a shimmering altar of Xom.
  1564 | D:3      | Found a shattered altar of Ashenzari.
  1621 | D:3      | Became a worshipper of Ashenzari the Shackled
  1798 | D:3      | Found a hazy altar of Hepliaklqana.
  1855 | D:3      | Found a blossoming altar of Fedhas.
  2015 | D:4      | Noticed a phantom
  2035 | D:4      | Killed a phantom
  2080 | D:4      | Reached skill level 5 in Shields
  2174 | D:4      | Found Paivisiq's Antique Weapon Shop.
  2228 | D:4      | Found a shadowy altar of Dithmenos.
  2243 | D:4      | Noticed a phantom
  2274 | D:4      | Killed a phantom
  2274 | D:4      | Reached XP level 7. HP: 28/43 MP: 7/7
  2323 | D:4      | Reached skill level 5 in Maces & Flails
  2337 | D:4      | Got the uncursed ring mail of Sexeif {MR+ Slay+3}
  2348 | D:4      | Identified the +1 ring mail of Sexeif {MR+ Slay+3} (You
                  | found it on level 4 of the Dungeon)
  2830 | D:5      | Entered Level 5 of the Dungeon
  2839 | D:5      | Noticed Duvessa
  2854 | D:5      | Killed Duvessa
  2866 | D:5      | Learned a level 1 spell: Confusing Touch
  2893 | D:5      | HP: 2/44 [gnoll/+0 halberd (11)]
  2894 | D:5      | Mangled by a gnoll

Skill      XL: |  1  2  3  4  5  6  7 |
---------------+----------------------+-----
Maces & Flails | 3 4 5 |  5.6
Armour         | 4 |  4.9
Dodging        | 1 |  1.8
Shields        | 4 5 |  5.7
Fighting       | 4 |  4.5
Stealth        | |  0.6

Action                   |  1- 3 |  4- 6 |  7- 9 || total
-------------------------+-------+-------+-------++-------
Melee: Flail             |   133 |   166 |    52 ||   351
  Use: Potion            |       |     2 |       ||     2
  Eat: Chunk             |       |     4 |     3 ||     7
Armor: Scale mail        |    84 |    85 |     9 ||   178
       Ring mail         |       |       |    15 ||    15
Dodge: Dodged            |    55 |    51 |    23 ||   129
Block: Shield            |    98 |   111 |    31 ||   240
